 Dungeon Crawl Stone Soup version 0.30-a0-702-gdf48620a09 (webtiles) character file.

Game seed: 15465527137065060506

124156 flotson the Fighter (level 16, -7/114 HPs)
             Began as a Demonspawn Delver on Jan 22, 2023.
             Was the Champion of Hepliaklqana.
             Killed from afar by a deep elf pyromancer (30 damage)
             ... with a bolt of fire
             ... on level 1 of the Elven Halls.
             The game lasted 00:40:39 (22746 turns).

flotson the Fighter (Demonspawn Delver)            Turns: 22746, Time: 00:40:40

Health: -7/114     AC: 16    Str: 25    XL:     16   Next: 38%
Magic:  0/22       EV: 12    Int: 10    God:    Hepliaklqana [******]
Gold:   1420       SH: 20    Dex: 16    Spells: 15/15 levels left

rFire   . . .      SeeInvis .    a - +2 eveningstar (flame)
rCold   + . .      Faith    .    k - +0 kite shield
rNeg    + . .      Spirit   +    R - +2 chain mail {rN+}
rPois   .          Reflect  .    (helmet restricted)
rElec   .          Harm     .    X - scarf {repulsion}
rCorr   .          Rampage  +    P - +0 pair of gloves
Will    +....                    w - +0 pair of boots "Hiridel" {Rampage rC+ Int-2 Slay+3} Stlth
                                 L - amulet of guardian spirit
HPRegen 6.39/turn                o - +4 ring of slaying
MPRegen 0.18/turn                F - +6 ring of strength

@: repel missiles
A: reduced essence, horns 2, large bone plates 3, ignite blood 3, powered by
death 2, augmentation 1, mutation resistance 1
a: Renounce Religion, Recall Ancestor, Ancestor Identity, Transference, Idealise


You were on level 1 of the Elven Halls.
You worshipped Hepliaklqana.
Hepliaklqana was exalted by your worship.
You visited 5 branches of the dungeon, and saw 24 of its levels.

You collected 2129 gold pieces.
You spent 709 gold pieces at shops.

Inventory:

Hand Weapons
 a - a +2 eveningstar of flaming (weapon)
Missiles
 i - 6 javelins
 l - 69 poisoned darts
 G - 2 atropa-tipped darts
 H - 19 boomerangs
 W - 7 curare-tipped darts (quivered)
Armour
 k - a +0 kite shield (worn)
 w - the +0 pair of boots "Hiridel" (worn) {Rampage rC+ Int-2 Slay+3}
   (You found it on level 2 of the Dungeon)

   Int:       It affects your intelligence (-2).
   Slay:      It affects your accuracy & damage with ranged weapons and melee
   (+3).
   rC:        It protects you from cold.
   Rampage:   It bestows one free step when moving towards enemies.
 N - a +1 chain mail of fire resistance
 P - a +0 pair of gloves (worn)
 R - a +2 chain mail of positive energy (worn)
 V - the +2 leather armour of the Sky {rElec}
   (You found it on level 10 of the Dungeon)

   rElec:     It insulates you from electricity.
 X - a scarf of repulsion (worn)
Jewellery
 o - a +4 ring of slaying (left hand)
 F - a +6 ring of strength (right hand)
 L - an amulet of guardian spirit (around neck)
 U - a ring of ice
Wands
 g - a wand of digging (2)
 y - a wand of paralysis (7)
 B - a wand of iceblast (12)
 I - a wand of mindburst (5)
 K - a wand of acid (21)
 O - a wand of polymorph (7)
 Q - a wand of flame (22)
Scrolls
 c - 9 scrolls of fog
 d - 6 scrolls of magic mapping
 e - 4 scrolls of fear
 h - a scroll of blinking
 j - 3 scrolls of enchant weapon
 q - 2 scrolls of poison
 r - 3 scrolls of butterflies
 s - 9 scrolls of teleportation
 u - 8 scrolls of immolation
 x - a scroll of silence
 z - 3 scrolls of enchant armour
 E - 2 scrolls of vulnerability
Potions
 b - 4 potions of lignification
 f - 4 potions of haste
 m - 9 potions of attraction
 n - 4 potions of mutation
 p - a potion of resistance
 t - 3 potions of invisibility
 v - 9 potions of curing
 A - 3 potions of might
 C - 2 potions of ambrosia
 D - 3 potions of flight
 J - a potion of heal wounds
 M - 4 potions of berserk rage
 Y - 2 potions of cancellation
Miscellaneous
 S - a piece from Xom's chessboard (15/15)
 T - a phantom mirror


   Skills:
 + Level 11.7 Fighting
 - Level 6.9(9.0) Axes
 + Level 9.0(10.0) Maces & Flails
 + Level 10.3 Throwing
 + Level 10.4 Armour
 + Level 10.5 Dodging
 - Level 5.0 Stealth
 + Level 10.3 Shields
 - Level 8.0 Invocations
 + Level 11.2 Evocations


You had 15 spell levels left.
You didn't know any spells.
Your spell library contained the following spells:

 Spells                   Type           Power      Damage    Failure   Level
 Foxfire                  Conj/Fire      0%         2x1d4     99%         1
 Magic Dart               Conj           0%         1d3       99%         1
 Necrotise                Necr           0%         1d4       99%         1
 Sandblast                Erth           0%         2d4       99%         1
 Call Imp                 Summ           0%         N/A       99%         2
 Cigotuvi's Dreadful Rot  Necr/Pois/Air  0%         N/A       99%         2
 Ensorcelled Hibernation  Hex/Ice        0%         N/A       99%         2
 Lesser Beckoning         Tloc           0%         N/A       99%         2
 Passwall                 Tmut/Erth      0%         N/A       99%         2
 Searing Ray              Conj           0%         2d4       99%         2
 Call Canine Familiar     Summ           0%         N/A       100%        3
 Gell's Gravitas          Tloc           0%         N/A       100%        3
 Inner Flame              Hex/Fire       0%         N/A       100%        3
 Mephitic Cloud           Conj/Pois/Air  0%         N/A       100%        3
 Ozocubu's Armour         Ice            0%         N/A       100%        3
 Portal Projectile        Hex/Tloc       0%         N/A       100%        3
 Spider Form              Tmut/Pois      0%         N/A       100%        3
 Stone Arrow              Conj/Erth      0%         3d7       100%        3
 Swiftness                Air            0%         N/A       100%        3
 Teleport Other           Tloc           0%         N/A       100%        3
 Tukima's Dance           Hex            0%         N/A       100%        3
 Vampiric Draining        Necr           0%         2d6       100%        3
 Anguish                  Hex/Necr       0%         N/A       100%        4
 Dispel Undead            Necr           0%         3d6       100%        4
 Fulminant Prism          Conj/Hex       0%         3d5       100%        4
 Leda's Liquefaction      Hex/Erth       0%         N/A       100%        4
 Summon Ice Beast         Ice/Summ       0%         N/A       100%        4
 Agony                    Necr           0%         N/A       100%        5
 Blade Hands              Tmut           0%         N/A       100%        5
 Fireball                 Conj/Fire      0%         3d3       100%        5
 Freezing Cloud           Conj/Ice/Air   0%         6-21      100%        5
 Iskenderun's Battlesphe  Conj           0%         2d6       100%        5
 Summon Forest            Summ/Tloc      0%         N/A       100%        5
 Summon Mana Viper        Hex/Summ       0%         N/A       100%        5
 Death Channel            Necr           0%         N/A       100%        6
 Iron Shot                Conj/Erth      0%         9d1       100%        6
 Simulacrum               Ice/Necr       0%         N/A       100%        6
 Summon Cactus Giant      Summ           0%         N/A       100%        6
 Monstrous Menagerie      Summ           0%         N/A       100%        7
 Ozocubu's Refrigeration  Ice            0%         4d7       100%        7
 Spellforged Servitor     Conj/Summ      0%         N/A       100%        7
 Borgnjor's Revivificati  Necr           0%         N/A       100%        8
 Necromutation            Tmut/Necr      0%         N/A       100%        8
 Death's Door             Necr           0%         N/A       100%        9
 Polar Vortex             Ice            0%         N/A       100%        9


Dungeon Overview and Level Annotations

Branches:
Dungeon (15/15)            Temple (1/1) D:5            Lair (5/5) D:11
  Swamp (0/4) Lair:2       Spider (0/4) Lair:3        Slime (0/5) Lair:5
    Orc (2/2) D:9             Elf (1/3) Orc:2        Vaults (0/5) D:13
 Depths (0/4) D:15

Altars:
Ashenzari
Cheibriados
Dithmenos
Fedhas
Gozag
Hepliaklqana
Kikubaaqudgha
Makhleb
Nemelex Xobeh
Okawaru
Qazlal
Ru
Sif Muna
Trog
Uskayaw
Vehumet
Wu Jian
Xom
Yredelemnul
Jiyva

Shops:
D:9 *   D:10 (   Orc:1 *   Orc:2 ([:*

Portals:
Abyss: D:3

Annotations:
D:3 2 transporters, BlueFish's ghost, amateur TeAE


Innate Abilities, Weirdness & Mutations

Your life essence is reduced to manifest your ancestor. (-10% HP)
You have a pair of horns on your head.
You are completely covered in large bone plates. (SH +8)
Your demonic aura causes all spilled blood to erupt in flames.
You regenerate health from kills.
Your magical and physical power is slightly enhanced at high health.
You are somewhat resistant to further mutation.


Message History

The fire elemental hits you. The fire elemental burns you!
The fire elemental barely misses you. You block the fire elemental's attack.
The deep elf zephyrmancer hits you but does no damage.
The deep elf archer is engulfed in blazing flames.
You kill the deep elf archer!
The fire elemental misses you. You block the fire elemental's attack.
You barely miss the deep elf zephyrmancer.
Your headbutt misses the deep elf zephyrmancer.
The fire elemental hits you. The fire elemental burns you!
The deep elf pyromancer mumbles some strange words.
The deep elf zephyrmancer points at you and mumbles some strange words.
The bolt of lightning hits the fire elemental!
The fire elemental resists.
The bolt of lightning misses you.
The bolt of lightning misses the fire elemental.
You block the deep elf zephyrmancer's attack.
You block the fire elemental's attack. x2; The fire elemental hits you.
The fire elemental burns you!
You barely miss the deep elf zephyrmancer.
The fire elemental misses you. The fire elemental hits you.
The fire elemental burns you!
You block the deep elf zephyrmancer's attack.
You block the fire elemental's attack. x2; The fire elemental hits you.
The fire elemental burns you!
You impale the deep elf zephyrmancer!! You burn the deep elf zephyrmancer!
Your headbutt misses the deep elf zephyrmancer.
The deep elf zephyrmancer is almost dead.
You block the fire elemental's attack.
The deep elf zephyrmancer is engulfed in blazing flames.
You kill the deep elf zephyrmancer!
The deep elf zephyrmancer points at you and mumbles some strange words.
The bolt of lightning hits the fire elemental!
The fire elemental resists.
The bolt of lightning misses you.
The bolt of lightning hits the fire elemental!
The fire elemental resists.
The deep elf pyromancer casts a spell at you.
The bolt of fire hits the fire elemental.
The fire elemental completely resists.
The bolt of fire hits you!!
* * * LOW HITPOINT WARNING * * *
The bolt of fire hits you!!
You die...

#. ...##
#########. ##
#...###.........
#..
#....'..########
#.. #..#.##.# ..
#.. ##.##.##.#
...##e##°....##.#
#...EE○E○..# #.#
#°eE@)##☼###.#
.....§#°E#).#...#
....# #e.))#'.#.#
##.......######.#
##...### #.. ##+#
####


You could see 2 deep elf pyromancers, a deep elf zephyrmancer and 5 fire
elementals.

Vanquished Creatures
  Saint Roka (Orc:1)
  Jorgrun (Orc:1)
  Rupert (D:14)
  Frances (D:13)
  A deep elf sorcerer (Elf:1)
  The ghost of TwistedFlax the Tortoise, a journeyman AtMo of Trog (Lair:5)
  A dire elephant (Lair:5)
  4 deep elf death magi (Elf:1)
  An ogre mage (D:13)
  Erolcha (D:13)
  6 boulder beetles
  5 hydras
  10 centaur warriors
  A tengu warrior (D:15)
  A dancing weapon (Elf:1)
  5 two-headed ogres
  11 death yaks
  3 orc high priests (Orc:2)
  4 deep elf knights (Elf:1)
  3 skeletal warriors (D:15)
  3 deep elf archers (Elf:1)
  A wizard (D:14)
  4 orc knights
  An obsidian statue (Lair:5)
  14 deep elf zephyrmancers
  3 necromancers
  3 ugly things
  8 deep elf pyromancers
  7 orc sorcerers
  6 manticores
  5 cyclopes
  3 black mambas
  A centaur zombie (D:15)
  23 elephants
  14 cane toads
  A gargoyle (D:12)
  A naga mage (D:15)
  A centaur skeleton (D:15)
  2 komodo dragons
  A dire elephant skeleton (Lair:5)
  2 kobold demonologists (D:11)
  2 tengu conjurers
  5 trolls
  A hornet (D:10)
  2 polar bears
  A blink frog (shapeshifter) (D:14)
  20 blink frogs
  A spectral elephant (Lair:5)
  A dream sheep (Lair:5)
  Prince Ribbit (D:5)
  3 slime creatures (D:15)
  2 vampires
  5 wyverns
  4 spriggans (D:11)
  27 yaks
  A fire elemental (Elf:1)
  A vampire mosquito (D:11)
  3 steam dragons
  A spectral cane toad (Lair:5)
  3 wargs (Orc:2)
  A sky beast (D:7)
  An ice beast (D:7)
  8 water moccasins
  2 black bears (D:6)
  An elephant zombie (Lair:5)
  24 orc warriors
  10 centaurs
  10 ogres
  6 wolves
  An elephant skeleton (Lair:5)
  2 phantoms
  8 kobold brigands
  3 bullfrogs
  A gnoll sergeant (D:7)
  3 scorpions
  A cane toad simulacrum (Lair:5)
  2 wights (D:9)
  8 killer bees (D:9)
  An elephant simulacrum (Lair:5)
  4 howler monkeys
  An electric eel (D:11)
  2 gnoll boudas
  9 hounds
  18 orc priests
  2 jellies
  Jessica (D:2)
  3 iguanas
  19 orc wizards
  Natasha (thrice) (D:2)
  A mummy (D:4)
  8 gnolls (D:7)
  13 adders
  A shadow imp (D:8)
  3 ufetubi (D:5)
  2 dart slugs (D:2)
  3 worms
  42 orcs
  9 endoplasms
  2 giant cockroaches (D:3)
  5 goblins
  5 hobgoblins
  25 kobolds
  3 quokkas
  5 ball pythons
  2 bats (D:2)
  3 frilled lizards
  4 rats
541 creatures vanquished.

Vanquished Creatures (collateral kills)
  A dire elephant (Lair:5)
  2 hydras
  A catoblepas (Lair:1)
  A boulder beetle (D:13)
  A tengu warrior (D:14)
  2 two-headed ogres (D:13)
  5 death yaks
  Urug (D:13)
  A deep elf knight (Elf:1)
  A spectral anaconda (Lair:5)
  A skeletal warrior (D:15)
  A necromancer (Lair:5)
  An orc knight (Orc:2)
  A deep elf pyromancer (D:15)
  A salamander (shapeshifter) (D:14)
  7 elephants
  2 ugly things
  A cyclops (D:13)
  Maurice (D:10)
  A centaur zombie (D:15)
  A gargoyle (D:11)
  2 dire elephant skeletons (Lair:5)
  2 cane toads
  2 komodo dragons
  An unseen horror (D:13)
  A tengu conjurer (D:14)
  2 blink frogs
  3 dream sheep (Lair:5)
  A blink frog (shapeshifter) (D:11)
  A raiju (shapeshifter) (D:14)
  A slime creature (D:15)
  2 shadows
  A water elemental (D:11)
  A wyvern (Lair:3)
  A centaur simulacrum (D:15)
  A spriggan (D:11)
  9 yaks
  2 vampire mosquitoes (D:11)
  A warg (Orc:1)
  A death yak simulacrum (Lair:5)
  2 spectral cane toads (Lair:5)
  2 water moccasins
  6 orc warriors
  An ogre (D:13)
  2 wolves
  2 centaurs (D:9)
  A kobold brigand (D:10)
  A cane toad simulacrum (Lair:5)
  6 wights
  4 killer bees (D:9)
  A howler monkey (D:9)
  An electric eel (D:12)
  An orc priest (Orc:2)
  6 orc wizards
  25 orcs
  6 kobolds
136 creatures vanquished.

Vanquished Creatures (others)
  19 battlemagi
  2 ancestors
  30 fungi
  34 plants
  23 withered plants (Lair:5)
108 creatures vanquished.

Grand Total: 785 creatures vanquished

Notes
Turn   | Place    | Note
-------+----------+-------------------------------------------
     0 | D:5      | flotson the Demonspawn Delver began the quest for the Orb.
     0 | D:5      | Reached XP level 1. HP: 18/18 MP: 1/1
   138 | D:4      | Gained mutation: You are partially covered in large bone
                  | plates. (SH +4) [demonic ancestry]
   138 | D:4      | Reached XP level 2. HP: 24/24 MP: 2/2
   145 | D:4      | Found a hide-covered altar of Uskayaw.
   174 | D:4      | Found an opulent altar of Gozag.
   339 | D:4      | Reached XP level 3. HP: 11/29 MP: 3/3
   651 | D:2      | Noticed Natasha
   780 | D:2      | Reached skill level 1 in Evocations
   865 | D:1      | Reached skill level 1 in Armour
  1351 | D:1      | Gained mutation: Your demonic aura sometimes causes spilled
                  | blood to erupt in flames. [demonic ancestry]
  1351 | D:1      | Reached XP level 4. HP: 35/35 MP: 4/4
  1677 | D:2      | Identified the +0 pair of boots "Hiridel" {Rampage rC+
                  | Int-2 Slay+3}
  1908 | D:2      | Killed Natasha
  1950 | D:2      | Noticed Jessica
  1956 | D:2      | Killed Jessica
  1957 | D:2      | Gained mutation: You regenerate a little health from kills.
                  | [demonic ancestry]
  1957 | D:2      | Reached XP level 5. HP: 34/41 MP: 5/5
  2415 | D:3      | Noticed a small abomination
  2437 | D:3      | Found a transporter.
  2438 | D:3      | Found a one-way gate to the infinite horrors of the Abyss.
  2438 | D:3      | Noticed BlueFish's ghost (amateur TeAE)
  2449 | D:3      | Found a transporter.
  2453 | D:3      | Reached skill level 5 in Stealth
  2532 | D:3      | Noticed an ancient zyme
  2665 | D:2      | Noticed Natasha
  2668 | D:2      | Killed Natasha
  2669 | D:2      | Reached skill level 1 in Throwing
  2860 | D:2      | Noticed Natasha
  2864 | D:2      | Killed Natasha
  2865 | D:2      | Reached skill level 1 in Shields
  3478 | D:4      | Gained mutation: You have a pair of small horns on your
                  | head. [demonic ancestry]
  3478 | D:4      | Reached XP level 6. HP: 35/48 MP: 6/6
  3723 | D:5      | Reached XP level 7. HP: 35/54 MP: 7/7
  3831 | D:5      | Noticed Prince Ribbit
  3888 | D:5      | Killed Prince Ribbit
  4064 | D:5      | Found a staircase to the Ecumenical Temple.
  4073 | Temple   | Entered the Ecumenical Temple
  4233 | D:5      | Found a hazy altar of Hepliaklqana.
  4234 | D:5      | Found a shimmering altar of Xom.
  4235 | D:5      | Noticed a spectral ugly thing
  4235 | D:5      | Noticed a hell beast
  4238 | D:5      | Became a worshipper of Hepliaklqana the Forgotten
  4343 | D:5      | Reached XP level 8. HP: 61/61 MP: 8/8
  4457 | D:6      | Reached skill level 1 in Invocations
  4457 | D:6      | Found a bloodstained altar of Trog.
  4747 | D:6      | Reached * piety under Hepliaklqana
  4976 | D:6      | Found a sacrificial altar of Ru.
  5075 | D:7      | Reached skill level 5 in Fighting
  5109 | D:7      | Identified the +0 plate armour "Itaulafu" {rN+}
  5193 | D:7      | Gained mutation: You are mostly covered in large bone
                  | plates. (SH +6) [demonic ancestry]
  5193 | D:7      | Reached XP level 9. HP: 61/61 MP: 11/11
  5321 | D:7      | Reached skill level 5 in Axes
  5701 | D:8      | Found a sparkling altar of Nemelex Xobeh.
  6379 | D:8      | Found a shadowy altar of Dithmenos.
  6457 | D:8      | Reached ** piety under Hepliaklqana
  6458 | D:8      | Remembered your ancestor Tiberia as a battlemage
  6544 | D:8      | Found an ancient bone altar of Kikubaaqudgha.
  6748 | D:9      | Found a staircase to the Orcish Mines.
  6764 | D:9      | Found Zin's Purification Station.
  6817 | D:9      | Found a stormy altar of Qazlal.
  6818 | D:9      | Noticed a manticore
  6822 | D:9      | Killed a manticore
  6823 | D:9      | Reached XP level 10. HP: 45/68 MP: 13/13
  6912 | D:9      | Found a burning altar of Makhleb.
  6963 | D:9      | Reached skill level 5 in Dodging
  7116 | D:9      | Reached skill level 5 in Invocations
  7229 | D:9      | Noticed a green ugly thing
  7231 | D:9      | Noticed a centaur warrior
  7252 | D:9      | Reached skill level 5 in Evocations
  7278 | D:9      | Killed a green ugly thing
  7279 | D:9      | Gained mutation: You are somewhat resistant to further
                  | mutation. [potion of mutation]
  7287 | D:9      | Killed a centaur warrior
  7288 | D:9      | Reached skill level 5 in Armour
  7708 | D:10     | Entered Level 10 of the Dungeon
  7798 | D:10     | Identified the +2 leather armour of the Sky {rElec}
  7985 | D:10     | Found Fataf's Antique Weapon Emporium.
  7988 | D:10     | Bought a runed eveningstar for 486 gold pieces
  8039 | D:10     | Reached *** piety under Hepliaklqana
  8039 | D:10     | Noticed Maurice
  8073 | D:10     | Killed Maurice
  8362 | D:10     | Reached skill level 1 in Maces & Flails
  8362 | D:10     | Reached skill level 5 in Throwing
  8362 | D:10     | Reached skill level 5 in Shields
  8724 | D:10     | Found Fataf's Antique Weapon Emporium.
  9315 | D:11     | Gained mutation: Your demonic aura often causes spilled
                  | blood to erupt in flames. [demonic ancestry]
  9315 | D:11     | Reached XP level 11. HP: 64/74 MP: 15/15
  9457 | D:11     | Noticed a boulder beetle
  9474 | D:11     | Killed a boulder beetle
  9515 | D:11     | Noticed a centaur warrior
  9520 | D:11     | Killed a centaur warrior
  9637 | D:11     | Noticed a centaur warrior
  9637 | D:11     | Noticed a boulder beetle
  9642 | D:11     | Killed a centaur warrior
  9648 | D:11     | Killed a boulder beetle
  9780 | D:11     | Noticed a boulder beetle
  9817 | D:11     | Killed a boulder beetle
  9998 | D:11     | Found a staircase to the Lair.
 10176 | D:11     | Gained mutation: Your demonic aura causes all spilled blood
                  | to erupt in flames. [demonic ancestry]
 10176 | D:11     | Reached XP level 12. HP: 68/82 MP: 17/17
 10285 | D:11     | Got the Directory of the Burn
 10532 | Lair:1   | Entered Level 1 of the Lair of Beasts
 10573 | Lair:1   | Noticed a catoblepas
 10585 | Lair:1   | Killed a catoblepas
 10658 | Lair:1   | Noticed a death yak
 10658 | Lair:1   | Noticed a death yak
 10658 | Lair:1   | Noticed a death yak
 10662 | Lair:1   | Killed a death yak
 10668 | Lair:1   | Killed a death yak
 10672 | Lair:1   | Killed a death yak
 11258 | Lair:1   | Noticed a boulder beetle
 11270 | Lair:1   | Killed a boulder beetle
 11799 | Lair:2   | Found a staircase to the Swamp.
 11827 | Lair:2   | Reached **** piety under Hepliaklqana
 11975 | Lair:2   | Gained mutation: You are completely covered in large bone
                  | plates. (SH +8) [demonic ancestry]
 11975 | Lair:2   | Reached XP level 13. HP: 89/89 MP: 19/19
 11982 | Lair:2   | Reached skill level 5 in Maces & Flails
 12172 | Lair:2   | You fall into a shaft and drop 1 floor!
 12302 | Lair:3   | Found a hole to the Spider Nest.
 12850 | Lair:3   | Reached ***** piety under Hepliaklqana
 14279 | Lair:5   | Entered Level 5 of the Lair of Beasts
 14612 | Lair:5   | Found a runed translucent gate.
 14613 | Lair:5   | Found a runed translucent gate.
 14613 | Lair:5   | Noticed TwistedFlax's ghost (journeyman AtMo)
 14614 | Lair:5   | Found a runed translucent gate.
 14643 | Lair:5   | Noticed a dire elephant
 14643 | Lair:5   | Noticed a dire elephant
 14648 | Lair:5   | Gained mutation: You regenerate health from kills. [demonic
                  | ancestry]
 14648 | Lair:5   | Reached XP level 14. HP: 98/98 MP: 20/20
 15006 | Lair:5   | Reached skill level 10 in Fighting
 15009 | Lair:5   | Identified the +9 long sword "Aklouw" {freeze, rF+ rC+
                  | Str+3}
 15192 | Lair:5   | Identified the +1 war axe "Boleygat" {drain, *Corrode Int+3
                  | SInv}
 15326 | Lair:5   | Found a staircase to the Slime Pits.
 15327 | Lair:5   | Found a viscous altar of Jiyva.
 16481 | Lair:5   | Found a staircase to the Slime Pits.
 16481 | Lair:5   | Found a viscous altar of Jiyva.
 16584 | Lair:5   | Killed TwistedFlax's ghost
 17288 | Orc:1    | Entered Level 1 of the Orcish Mines
 17288 | Orc:1    | Noticed Jorgrun
 17467 | Orc:1    | Killed Jorgrun
 17601 | Orc:1    | Found Zushrum's Assorted Antiques.
 17631 | Orc:1    | Bought a scroll of identify for 70 gold pieces
 17976 | Orc:2    | Entered Level 2 of the Orcish Mines
 18194 | Orc:2    | Noticed Saint Roka
 18377 | Orc:1    | Killed Saint Roka
 18557 | Orc:2    | Found a staircase to the Elven Halls.
 18609 | Orc:2    | Gained mutation: Your magical and physical power is
                  | slightly enhanced at high health. [demonic ancestry]
 18609 | Orc:2    | Reached XP level 15. HP: 103/105 MP: 21/21
 18642 | Orc:2    | Reached skill level 10 in Evocations
 18865 | Orc:2    | Found Gol Couf's General Store.
 18865 | Orc:2    | Found Zyucou's Antique Weapon Shoppe.
 18868 | Orc:2    | Found Lathro's Book Boutique.
 18868 | Orc:2    | Found Leicvaf's Armour Shoppe.
 18874 | Orc:2    | Bought 5 curare-tipped darts for 102 gold pieces
 18874 | Orc:2    | Bought a scroll of teleportation for 51 gold pieces
 19293 | D:12     | Reached ****** piety under Hepliaklqana
 19974 | D:13     | Noticed Erolcha
 19976 | D:13     | Noticed Frances
 19982 | D:13     | Killed Frances
 19983 | D:13     | Killed Erolcha
 20213 | D:13     | Noticed Urug
 20219 | D:13     | Killed Urug
 20224 | D:13     | Found a gate to the Vaults.
 20560 | D:14     | Found a sparkling altar of Nemelex Xobeh.
 20718 | D:14     | Noticed Rupert
 20728 | D:14     | Killed Rupert
 21140 | D:14     | Reached skill level 10 in Dodging
 21507 | D:15     | Entered Level 15 of the Dungeon
 21768 | D:15     | Reached skill level 10 in Armour
 21893 | D:15     | Reached skill level 10 in Throwing
 21893 | D:15     | Found a staircase to the Depths.
 22051 | D:15     | Reached skill level 10 in Shields
 22051 | D:15     | Gained mutation: You have a pair of horns on your head.
                  | [demonic ancestry]
 22051 | D:15     | Reached XP level 16. HP: 113/113 MP: 22/22
 22377 | Elf:1    | Entered Level 1 of the Elven Halls
 22746 | Elf:1    | Killed from afar by a deep elf pyromancer

Illustrated notes

Levels and vault maps discovered:
D:1:      dpeg_arrival_houses_and_road, layout_basic
D:2:      layout_basic, nicolae_eternal_life, nicolae_underground_beach,
          uniq_natasha, uniq_jessica
D:3:      layout_rooms, gammafunk_ghost_abyssal_escape,
          chequers_serial_rivers_room_b
D:4:      layout_cave_pools, mainiacjoe_overflow_alcove_4,
          mainiacjoe_overflow_catwalk, gup_ossuary_entry_pyramid
D:5:      layout_basic, regret_index_temple_of_mockery,
          minmay_temple_entry_butterflies, wad_floor_pattern_2,
          grunt_ministairs_5, minmay_circle_x, uniq_prince_ribbit1
D:6:      layout_cave_pools, nicolae_ru_the_path_less_chosen,
          trog_ov_bears_minmay
D:7:      layout_loops_ring
D:8:      layout_basic, mainiacjoe_overflow_brackets, lemuel_tele_altar,
          mainiacjoe_overflow_six_doors_small
D:9:      minmay_skewed_foursquare, layout_rooms, grunt_qazlal_sundering,
          zin_purify, mainiacjoe_overflow_boulevard,
          minmay_mirror_moons_of_madness
D:10:     layout_loops_corners, serial_shops, kennysheep_mini, kennysheep_boxes,
          uniq_maurice
D:11:     kb_forest_paths, layout_basic, erik_lair_island
D:12:     cheibrodos_helix_gallery, layout_long_grid, glass_columns_b
D:13:     layout_cave_pools, david_vaults_1, uniq_frances, uniq_urug,
          uniq_erolcha
D:14:     layout_stronghold, nemelex_spade_bored_becter, uniq_rupert
D:15:     grunt_enter_depths_magical_seal, layout_rooms
Temple:   zaba_magenta_temple
Lair:1:   layout_small_grid
Lair:2:   layout_cave_pods, swamp_mist, chequers_serial_rivers_micro_e
Lair:3:   layout_regular_city, dummy_spider_entry,
          nicolae_lair_grove_arrangements
Lair:4:   layout_regular_city, grunt_megastairs_5
Lair:5:   due_jungle_book, layout_concentric_octagons, slime_entry_1,
          gammafunk_ghost_hydra_chop
Orc:1:    layout_caves, serial_shops, nicolae_shop_waterfront, uniq_jorgrun
Orc:2:    grunt_orc_tribal_feast, layout_caves, basic_altar,
          minmay_orc_temple_b, uniq_saint_roka
Elf:1:    elf_arrival_001, layout_gridlike, minmay_elf_crystal_heptagon,
          nicolae_elf_v_pinch, hangedman_elven_ridges

Skill      XL: |  1  2  3  4  5  6  7  8  9 10 11 12 13 14 15 16 |
---------------+-------------------------------------------------+-----
Axes           | 2 3 4 6 |  6.9
Dodging        | 2 3 4 5 6 7 8 9 10 | 10.5
Evocations     | 1 2 3 4 5 6 7 8 9 10 11 | 11.2
Armour         | 1 2 3 4 5 6 7 8 9 10 | 10.4
Stealth        | 5 |  5.0
Throwing       | 1 2 3 4 5 6 7 8 9 10 | 10.3
Shields        | 1 2 3 4 5 6 7 8 9 10 | 10.3
Fighting       | 4 5 6 7 8 9 10 11 | 11.7
Invocations    | 3 4 6 7 8 |  8.0
Maces & Flails | 1 3 4 6 7 8 9 |  9.0

Action                   |  1- 3 |  4- 6 |  7- 9 | 10-12 | 13-15 | 16-18 || total
-------------------------+-------+-------+-------+-------+-------+-------++-------
Melee: Hand axe          |    84 |       |    40 |    45 |       |       ||   169
       Dagger            |     8 |    82 |     9 |       |       |       ||    99
       Headbutt          |       |     5 |    42 |    68 |   158 |    16 ||   289
       Morningstar       |       |       |   116 |       |       |       ||   116
       Eveningstar       |       |       |       |   195 |   528 |    62 ||   785
Throw: Dart              |       |     2 |     9 |     2 |    20 |       ||    33
       Boomerang         |       |       |    53 |    19 |    25 |       ||    97
Invok: Recall Ancestor   |       |       |     1 |       |     3 |       ||     4
       Ancestor Life: Ba |       |       |     1 |       |       |       ||     1
Evoke: Wand              |       |       |     1 |       |     5 |       ||     6
  Use: Potion            |       |       |       |     4 |     1 |     1 ||     6
       Scroll            |       |       |       |    14 |    14 |       ||    28
 Stab: Sleeping          |    14 |     7 |     2 |     5 |     4 |       ||    32
       Distracted        |       |       |     2 |     6 |    13 |     3 ||    24
Armor: Leather armour    |    14 |     3 |       |    67 |    37 |       ||   121
       Chain mail        |       |    13 |     2 |       |    95 |    22 ||   132
       Scale mail        |       |       |    49 |    15 |       |       ||    64
Dodge: Dodged            |    37 |    13 |    36 |   106 |   146 |    26 ||   364
       Repelled          |       |       |       |       |       |     4 ||     4
Block: Other             |     5 |       |       |       |       |       ||     5
       Kite shield       |    19 |    32 |   146 |   241 |   538 |    64 ||  1040
       Reflection        |       |       |       |       |    33 |       ||    33

Table legend: (Time is in decaauts)
 A = Elapsed time spent in this place.
 B = Non-inter-level travel time spent in this place.
 C = Inter-level travel time spent in this place.
 D = Time resting spent in this place.
 E = Time spent auto-exploring this place.
 F = Levels seen in this place.
 G = Mean time per level.
                   A        B        C        D        E       F      G
               +--------+--------+--------+--------+--------+-----+--------+
         Total |  23153 |  21961 |   1192 |    982 |  17092 |  24 |  964.7 |
       Dungeon |  14245 |  13385 |    860 |    459 |  10605 |  15 |  949.7 |
        Temple |     73 |     54 |     19 |      0 |     50 |   1 |   73.0 |
          Lair |   6812 |   6558 |    254 |    388 |   5106 |   5 | 1362.4 |
  Orcish Mines |   1634 |   1577 |     57 |    135 |   1065 |   2 |  817.0 |
   Elven Halls |    386 |    386 |      0 |      0 |    265 |   1 |  386.0 |
               +--------+--------+--------+--------+--------+-----+--------+

Top non-repeatable levels by time:
  Lair:5: 2704 daAuts
     D:2: 1649 daAuts
    D:10: 1558 daAuts
    D:11: 1405 daAuts
     D:9: 1300 daAuts
  Lair:1: 1287 daAuts
    D:14: 1027 daAuts
  Lair:4: 1024 daAuts
  Lair:3: 985 daAuts
     D:7: 955 daAuts
    D:12: 940 daAuts
   Orc:1: 845 daAuts
  Lair:2: 810 daAuts
     D:1: 806 daAuts
     D:4: 804 daAuts
